 Dungeon Crawl Stone Soup version 0.31-a0-435-g2c6fae2916 (webtiles) character file.

Game seed: 1790650449892073410

947 Ethylacetat the Insei (level 8, 0/45 HPs)
             Began as a Vine Stalker Monk on Aug 1, 2023.
             Was an Elder of Jiyva.
             Slain by a gnoll
             ... wielding a +0 whip
             ... led by a gnoll bouda
              (6 damage)
             ... on level 5 of the Dungeon.
             The game lasted 00:09:19 (3615 turns).

Ethylacetat the Insei (Vine Stalker Monk)           Turns: 3615, Time: 00:09:21

Health: 0/45       AC:  5    Str: 21    XL:     8   Next: 13%
Magic:  0/3        EV: 14    Int: 10    God:    Jiyva [****..]
Gold:   240        SH:  0    Dex: 20    Spells: 7/7 levels left

rFire   + . .        r - +7 mace "Beastslayer" {antimagic, Dex+2}
rCold   + + +        c - orb {light}
rNeg    . . .        v - +1 robe {rC+ rF+}
rPois   +            (no helmet)
rElec   .            (no cloak)
rCorr   +            (no gloves)
SInv    .            x - +0 pair of boots
Will    +....        (no amulet)
Stlth   +            i - +6 ring of strength
HPRegen 2.35/turn    n - ring of poison resistance
MPRegen 0.48/turn

%: guardian spirit
@: glowing
A: fangs 3, regeneration 1, magic shield, antimagic bite, no potion heal 2, cold
resistance 3, gelatinous body 1
a: Renounce Religion, Oozemancy, Slimify


You were on level 5 of the Dungeon.
You worshipped Jiyva.
Jiyva was greatly pleased with you.
You visited 1 branch of the dungeon, and saw 5 of its levels.
You also visited: Sewer.

You collected 240 gold pieces.

Inventory:

Hand Weapons
 r - the +7 mace "Beastslayer" (weapon) {antimagic, Dex+2}
   (You found it on level 4 of the Dungeon)

   Dex:       It affects your dexterity (+2).
Armour
 c - an orb of light (worn)
 v - a +1 robe of resistance (worn)
 x - a +0 pair of boots (worn)
Jewellery
 i - a +6 ring of strength (left hand)
 n - a ring of poison resistance (right hand)
Wands
 t - a wand of charming (5)
Scrolls
 d - 7 scrolls of identify {unknown}
 f - 2 scrolls of fear {unknown}
 j - a scroll of fog {unknown}
 k - 2 scrolls of teleportation {unknown}
 l - 2 scrolls of amnesia {unknown}
 m - a scroll of silence {unknown}
 o - a scroll of immolation {unknown}
 p - 2 scrolls of blinking {unknown}
 w - a scroll of enchant armour {unknown}
Potions
 a - a potion of heal wounds {unknown}
 b - a potion of ambrosia
 e - a potion of cancellation {unknown}
 g - 2 potions of mutation {unknown}
 h - 4 potions of might {unknown}
 q - 3 potions of resistance {unknown}
 s - a potion of curing {unknown}
 u - a potion of magic {unknown}


   Skills:
 + Level 6.4 Fighting
 - Level 2.4 Dodging
 + Level 7.1 Unarmed Combat


You had 7 spell levels left.
You didn't know any spells.
Your spell library contained the following spells:

 Spells                   Type           Power      Damage    Failure   Level
 Freeze                   Ice            0%         1d3       36%         1
 Dazzling Flash           Conj/Hex       0%         N/A       75%         3
 Frozen Ramparts          Ice            0%         1d1       75%         3
 Hailstorm                Conj/Ice       0%         3d3       75%         3
 Agony                    Necr           0%         N/A       100%        5
 Silence                  Hex/Air        0%         N/A       100%        5
 Yara's Violent Unravell  Hex/Tmut       0%         3d3       100%        5


Dungeon Overview and Level Annotations

Branches:
Dungeon (5/15)              Sewer (visited)
 Temple: D:4-7

Altars:
Kikubaaqudgha
Vehumet
Wu Jian
Xom

Shops:
D:2 =


Innate Abilities, Weirdness & Mutations

You have razor-sharp teeth.
Your natural rate of healing is unusually fast.
When hurt, damage is shared between your health and your magic reserves.
Your bite disrupts and absorbs the magic of your enemies.
Potions cannot restore your health.
Your flesh is almost immune to the effects of cold. (rC+++)
Your rubbery body absorbs attacks. (AC +1, EV +1)


Message History

You hit the gnoll bouda.
The gnoll bouda is moderately wounded.
The gnoll hits you from afar with a +0 spear!
The gnoll hits you from afar with a +0 halberd.
The gnoll completely misses you. The gnoll bouda completely misses you.
You sock the gnoll bouda! You bite the gnoll bouda.
You kill the gnoll bouda!
You hear a distant slurping noise.
The gnoll hits you from afar with a +0 halberd.
The gnoll hits you from afar with a +0 spear.
The gnoll closely misses you. The gnoll hits you but does no damage.
You hit the gnoll. You bite the gnoll, but do no damage.
The gnoll is lightly wounded.
The gnoll misses you. The gnoll barely misses you.
The gnoll hits you with a +0 halberd! The gnoll hits you with a +0 whip.
The gnoll hits you from afar with a +0 spear.
You sock the gnoll!
The gnoll is almost dead.
The gnoll hits you with a +0 spear. The gnoll closely misses you. x3
The gnoll misses you.
You sock the gnoll!
You kill the gnoll!
The gnoll hits you with a +0 whip. The gnoll closely misses you.
The gnoll hits you with a +0 spear. The gnoll barely misses you.
You sock the gnoll! You bite the gnoll, but do no damage.
The gnoll is heavily wounded.
The gnoll hits you from afar with a +0 spear.
The gnoll hits you with a +0 spear. The gnoll hits you with a +0 whip!
* * * LOW HITPOINT WARNING * * *
The gnoll hits you from afar with a +0 spear.
* * * LOW HITPOINT WARNING * * *
The gnoll misses you.
You barely miss the gnoll. You bite the gnoll. You drain its power.
You feel invigorated.
The gnoll is almost dead.
The gnoll hits you with a +0 whip. The gnoll hits you but does no damage.
The gnoll hits you with a +0 spear.
* * * LOW HITPOINT WARNING * * *
The gnoll hits you with a +0 whip!
You die...

###
.....8###
.. <.
#.....#.
.###
#......
...
.....# ..
#.#
##...8
...#.#
#...g
#....
#gg# #..
#)@##
##### ###
#.).#
#...#####
#...#
#........
##..##
#...#.###
#....##
##.##.#
#.....##
#..##.#
###....#
#####.#
#....##
#####.#
#.....#
#.....#


You could see 3 gnolls.

Vanquished Creatures
  Sigmund (D:4)
  2 centaurs (D:5)
  A phantom (D:5)
  A bullfrog (D:5)
  Blork the orc (D:4)
  A hound (D:4)
  A gnoll bouda (D:5)
  4 iguanas
  Robin (D:3)
  3 gnolls
  8 adders
  2 river rats (Sewer)
  4 worms
  2 dart slugs (D:3)
  5 orcs
  9 ball pythons
  A bat zombie (D:3)
  7 endoplasms
  7 giant cockroaches
  11 goblins
  14 hobgoblins
  5 jackals
  2 quokkas (D:3)
  3 bats
  6 frilled lizards
  9 kobolds
  8 rats
  A rat zombie (D:3)
120 creatures vanquished.

Vanquished Creatures (others)
  2 jellies
  An orc wizard (D:5)
  An adder (D:5)
  An ufetubus (D:5)
  An endoplasm (D:3)
  4 orcs (D:5)
  A giant cockroach (Sewer)
  4 goblins (D:3)
  A rat (D:3)
16 creatures vanquished.

Grand Total: 136 creatures vanquished

Notes
Turn   | Place    | Note
-------+----------+-------------------------------------------
     0 | D:1      | Ethylacetat the Vine Stalker Monk began the quest for the
                  | Orb.
     0 | D:1      | Reached XP level 1. HP: 11/11 MP: 2/2
    93 | D:1      | Reached XP level 2. HP: 16/16 MP: 3/3
   752 | D:2      | Found a shimmering altar of Xom.
   963 | D:2      | Reached XP level 3. HP: 11/20 MP: 4/4
  1055 | D:2      | Found Kalyog's Jewellery Emporium.
  1096 | D:2      | Got the Octavo of the Valley
  1356 | D:2      | Reached skill level 4 in Unarmed Combat
  1356 | D:2      | Gained mutation: Your natural rate of healing is unusually
                  | fast. [Vine Stalker growth]
  1356 | D:2      | Reached XP level 4. HP: 25/25 MP: 5/5
  1643 | D:3      | Found a glowing drain.
  1672 | Sewer    | Entered a sewer
  1798 | Sewer    | Reached XP level 5. HP: 25/29 MP: 6/6
  1820 | Sewer    | Found a viscous altar of Jiyva.
  1831 | Sewer    | Became a worshipper of Jiyva Jennouti the Shapeless
  1831 | Sewer    | Reached * piety under Jiyva
  1831 | Sewer    | Reached ** piety under Jiyva
  1938 | D:3      | Identified the +6 short sword "Qolim" {flame, rC+++ Will+
                  | Int+4}
  2427 | D:3      | Found an ancient bone altar of Kikubaaqudgha.
  2466 | D:3      | Noticed Robin
  2476 | D:3      | Killed Robin
  2553 | D:4      | Identified the +7 mace "Beastslayer" {antimagic, Dex+2}
  2596 | D:4      | Reached skill level 5 in Unarmed Combat
  2612 | D:4      | Reached XP level 6. HP: 30/34 MP: 1/7
  2681 | D:4      | Reached *** piety under Jiyva
  2867 | D:4      | Noticed Sigmund
  2875 | D:4      | Killed Sigmund
  2876 | D:4      | Reached skill level 5 in Fighting
  2876 | D:4      | Reached XP level 7. HP: 39/39 MP: 2/8
  3079 | D:4      | Found a radiant altar of Vehumet.
  3224 | D:4      | Noticed Blork the orc
  3231 | D:4      | Killed Blork the orc
  3232 | D:4      | Reached skill level 6 in Unarmed Combat
  3282 | D:5      | Entered Level 5 of the Dungeon
  3340 | D:5      | Gained mutation: Your flesh is cold resistant. (rC+)
                  | [Jiyva's grace]
  3340 | D:5      | Gained mutation: Your flesh is very cold resistant. (rC++)
                  | [Jiyva's grace]
  3340 | D:5      | Gained mutation: Your flesh is almost immune to the effects
                  | of cold. (rC+++) [Jiyva's grace]
  3340 | D:5      | Gained mutation: Your rubbery body absorbs attacks. (AC +1,
                  | EV +1) [Jiyva's grace]
  3344 | D:5      | Found a shimmering altar of Xom.
  3348 | D:5      | Found an ornate altar of the Wu Jian Council.
  3385 | D:5      | Gained mutation: You have razor-sharp teeth. [Vine Stalker
                  | growth]
  3385 | D:5      | Reached XP level 8. HP: 44/44 MP: 3/9
  3464 | D:5      | Reached skill level 7 in Unarmed Combat
  3549 | D:5      | Reached **** piety under Jiyva
  3615 | D:5      | Slain by a gnoll

Illustrated notes

Levels and vault maps discovered:
D:1:      dpeg_arrival_renting, layout_basic
D:2:      minmay_alternating_diamond, layout_basic, basic_altar, serial_shops,
          nicolae_shop_window_shopping
D:3:      minmay_chambers_of_threes, layout_loops_ring,
          lemuel_zombie_altar_kikubaaqudgha, cheibrodos_sewer_entry_sluice,
          nicolae_kite_square_tiling_tiny, uniq_robin
D:4:      layout_loops_ring, overflow_temple_1_default, uniq_blork_the_orc,
          uniq_sigmund
D:5:      layout_loops_cross, nicolae_tso_carved_into_rock,
          grunt_temple_overflow_open, minmay_temple_entry_junction

Skill      XL: |  1  2  3  4  5  6  7  8 |
---------------+-------------------------+-----
Fighting       | 3 4 5 6 |  6.4
Unarmed Combat | 4 5 6 7 |  7.1
Dodging        | |  2.4

Action                     |  1- 3 |  4- 6 |  7- 9 || total
---------------------------+-------+-------+-------++-------
  Melee: Unarmed           |    65 |   137 |       ||   202
         Bite              |    20 |    44 |    14 ||    78
         Mace              |       |    27 |    43 ||    70
 Armour: Robe              |     8 |    20 |    10 ||    38
  Dodge: Dodged            |    30 |   100 |    46 ||   176

Table legend: (Time is in decaauts)
 A = Elapsed time spent in this place.
 B = Non-inter-level travel time spent in this place.
 C = Inter-level travel time spent in this place.
 D = Time resting spent in this place.
 E = Time spent auto-exploring this place.
 F = Levels seen in this place.
 G = Mean time per level.
                   A        B        C        D        E       F      G
               +--------+--------+--------+--------+--------+-----+--------+
         Total |   3658 |   3584 |     74 |      4 |   2748 |   6 |  609.7 |
       Dungeon |   3383 |   3309 |     74 |      4 |   2613 |   5 |  676.6 |
         Sewer |    274 |    274 |      0 |      0 |    134 |   1 |  274.0 |
               +--------+--------+--------+--------+--------+-----+--------+

Top non-repeatable levels by time:
     D:3: 825 daAuts
     D:2: 756 daAuts
     D:4: 747 daAuts
     D:1: 707 daAuts
     D:5: 346 daAuts
   Sewer: 274 daAuts
